Unix NetHack Version 5.0.0-0 post-release - last build Jun 10 2026 00:39:30 (3ee93aec679c4c4259841fe613dc97188e26a321,branch:main).

Game began 2026-06-14 14:48:56, ended 2026-06-15 21:00:12.

Japes, lawful male human Monk

                                                          --------------
                                                          |............|
                       -------                           #.............|
                       +$$$$.|           -----------     #|.....{......|
                       |$$$$r|           |.........|  ####---------.----
                       |q111.|           |.........|  #            (
                      #.r$dYf|           |.........-###            #
                      Y|1$du.+           -------.---               #
                      n----q--           #  #####                  #
                     @     @             #####                     ###
                           ###           ####                        #
         u                   ##        ###                           #
                              #      --.-----------                  #
                              #      |.............###        -------|-
                              #      |............|           |.......|
                           ---.-     |............|           |`......|
                           |...|     |............|           |)..{...|
                           |>(..#####...x.........|           |....<..|
                           -----     --------------           ---------

Japes the Initiate              St:18/03 Dx:13 Co:12 In:10 Wi:14 Ch:9  Lawful
Dlvl:8  $:1097 HP:0(51) Pw:46(51) AC:1  Xp:7/1241 T:4327  Burdened Blind

Latest messages:
 The black unicorn neighs!
 The yellow light wakes up.
 The blue jelly wakes up.
 The mumak wakes up.
 The rock mole wakes up.
 The violet fungus wakes up.
 The Woodland-elf wakes up.
 The owlbear wakes up.
 The lizard wakes up.
 The rothe wakes up.
 The wolf wakes up.
 The little dog wakes up.
 The giant ant wakes up.
 The pony wakes up.
 The blue jelly wakes up.
 The rock mole wakes up.
 The lynx wakes up.
 The owlbear wakes up.
 The mountain nymph wakes up.
 The yellow light explodes!
 You are blinded by a blast of light!
 The black unicorn misses!
 The black unicorn misses!
 You hear a crunching sound.
 The black unicorn vanishes and reappears next to you.
 You kill the black unicorn!
 It is missed.
 It misses.
 The rothe hits!
 The rothe bites!
 The rothe bites again!
 You try to feel what is lying here on the ground.
 You have a little trouble lifting m - a unicorn horn.
 The rothe misses!
 The rothe misses!
 The rothe misses!
 You hit the rothe.
 You hit the rothe.
 You kill the rothe!
 You hear a nearby zap.
 You hear something crash through the floor.
 You miss the mumak.
 The mumak butts!
 The mumak bites!
 You hear bubbling water.
 Your hands tingle.
 The mumak butts!
 You die...
 Do you want your possessions identified? [ynq] (y)
 Do you want to see your attributes? [ynq] (y)

Inventory:
 Coins    ('$')
  $ - 1097 gold pieces
 Weapons  (')')
  E - a +1 elven dagger
  x - a +0 dwarvish mattock
 Armor    ('[')
  k - an uncursed +1 orcish helm (being worn)
  a - an uncursed +2 pair of leather gloves (being worn)
  z - an uncursed +0 pair of jumping boots
  G - an uncursed fireproof +0 pair of speed boots (being worn)
  H - an uncursed +0 pair of water walking boots
  b - an uncursed +1 robe (being worn)
 Comestibles  ('%')
  g - 5 uncursed apples
  f - 5 uncursed food rations
  i - 4 uncursed fortune cookies
  h - 6 uncursed oranges
  N - an uncursed pancake
  S - an uncursed tin of french fried bugbear meat
  y - an uncursed tin of pickled red mold
  U - an uncursed lichen corpse
 Scrolls  ('?')
  q - an uncursed scroll of blank paper
  c - an uncursed scroll of create monster
  p - an uncursed scroll of enchant weapon
  P - an uncursed scroll of food detection
  v - an uncursed scroll of gold detection
  L - a blessed scroll of identify
  I - a cursed scroll of remove curse
 Spellbooks  ('+')
  j - a blessed spellbook of confuse monster
  O - an uncursed spellbook of detect treasure
 Potions  ('!')
  J - an uncursed potion of extra healing
  e - a blessed potion of healing
  K - an uncursed potion of object detection
  l - an uncursed potion of oil
  Q - 6 potions of holy water
 Rings    ('=')
  T - an uncursed ring of hunger
  o - an uncursed ring of teleport control
 Wands    ('/')
  C - a wand of make invisible (0:3)
  s - a wand of slow monster (0:6)
 Tools    ('(')
  r - a horn of plenty (0:12)
  w - an uncursed bell
  d - an uncursed leash
  B - an uncursed leash
  R - an uncursed tin opener
  m - a +0 unicorn horn
 Gems/Stones  ('*')
  n - an uncursed topaz stone
  t - a blessed touchstone

Japes the Monk's attributes:

Background:
 You were an Initiate, a level 7 male human Monk.
 You were lawful, on a mission for Shan Lai Ching
 who was opposed by Chih Sung-tzu (neutral) and Huan Ti (chaotic).
 You were right-handed.
 You were in the Dungeons of Doom, on level 8.
 You entered the dungeon 4327 turns ago.
 There was a new moon in effect when your adventure ended.
 You had 1241 experience points, 39 more were needed to attain level 8.

Basics:
 You had 0 out of 51 hit points.
 You had 46 out of 51 energy points (spell power).
 Your armor class was 1.
 Your wallet contained 1097 zorkmids.
 Autopickup was on for '$' plus thrown.

Final Characteristics:
 Your strength was 18/03 (limit:18/100).
 Your dexterity was 13 (limit:18).
 Your constitution was 12 (limit:18).
 Your intelligence was 10 (limit:18).
 Your wisdom was 14 (limit:18).
 Your charisma was 9 (limit:18).

Final Status:
 You were temporarily blind.
 You weren't hungry.
 You were burdened; movement was slightly slowed.
 You were empty handed.
 You had basic skill with martial arts and could have enhanced that.

Final Attributes:
 You were piously aligned.
 You were sleep resistant.
 You were poison resistant.
 You would have seen invisible when not blind.
 You were telepathic.
 You were warned.
 You would have confused monsters when hitting them.
 You were stealthy.
 You were guarded.
 Your spell casting was enhanced by wearing a robe.
 You were very fast.
 You are dead.

Miscellaneous:
 You didn't encounter any bones levels.
 Total elapsed playing time was 1 hour, 52 minutes and 53 seconds.

Major events:
 Turn
    1: Japes the lawful male human Monk entered the dungeon
  572: attained the rank of Novice (level 3)
  651: entered the Gnomish Mines
 2014: attained the rank of Initiate (level 6)
 2628: reached Mine Town
 4327: killed by a mumak

Spells:
 Name                 Level Category     Fail Retention
 confuse monster        1   enchantment    0%  76%-100%
 detect treasure        4   divination    92%  76%-100%

Skills:
 Fighting Skills
   martial arts       [Basic]
 Weapon Skills
   quarterstaff       [Unskilled]
   spear              [Unskilled]
   crossbow           [Unskilled]
   shuriken           [Unskilled]
 Spellcasting Skills
   attack spells      [Unskilled]
   healing spells     [Basic]
   divination spells  [Unskilled]
   enchantment spells [Unskilled]
   clerical spells    [Unskilled]
   escape spells      [Unskilled]
   matter spells      [Unskilled]

Voluntary challenges:
 Character rerolling was not enabled.
 You never hit with a wielded weapon.
 You never genocided any monsters.
 You never polymorphed an object.
 You never changed form.
 You used no wishes.
Achievements:
 You entered a shop.
 You attained the rank of Novice.
 You entered the Gnomish Mines.
 You attained the rank of Initiate.
 You entered Minetown.
 You entered a temple.

 The Dungeons of Doom: levels 1 to 9
    Level 1:
       An altar to Shan Lai Ching, a fountain.
    Level 2:
       An armor shop, a fountain.
    Level 3:
       A fountain.
       Stairs down to The Gnomish Mines.
    Level 4:
    Level 5:
    Level 6:
    Level 7:
    Level 8: <- You were here.
       Some fountains.
       Final resting place for
          you, killed by a mumak.
    Level 9:
 The Gnomish Mines: levels 4 to 7
    Level 4:
    Level 5:
    Level 6:
       Many shops, a temple and an altar, some fountains, a sink.
    Level 7:


Vanquished creatures:
  a ghost
  a small mimic
  2 wolves
 an iron piercer
  a gnome ruler
  3 lizards
  a black unicorn
  a dust vortex
  a raven
  a Woodland-elf
  a mountain nymph
  9 Mordor orcs
  2 rock piercers
  a yellow light
  4 gnome leaders
  3 gnomish wizards
  a kobold mummy
  a gray ooze
  a paper golem
  6 giant ants
  3 floating eyes
  a kitten
  2 dwarves
  a kobold leader
  3 rothes
  a giant bat
  2 monkeys
 an orc zombie
  a dwarf zombie
  a werejackal
  2 iguanas
  2 acid blobs
  a hobbit
  a large kobold
  a hobgoblin
  6 cave spiders
  a yellow mold
  a green mold
  a red mold
 24 gnomes
  7 geckos
  4 jackals
  a goblin
  3 grid bugs
  5 lichens
  5 newts
123 creatures vanquished.

No species were genocided or became extinct.

Game over:
                       ----------
                      /          \
                     /    REST    \
                    /      IN      \
                   /     PEACE      \
                  /                  \
                  |      Japes       |
                  |     1097 Au      |
                  |   killed by a    |
                  |      mumak       |
                  |                  |
                  |                  |
                  |       2026       |
                 *|     *  *  *      | *
        _________)/\\_//(\/(/\)/\//\/|_)_______

Goodbye Japes the Monk...

You died in The Dungeons of Doom on dungeon level 8 with 6362 points,
and 1097 pieces of gold, after 4327 moves.
You were level 7 with a maximum of 51 hit points when you died.

